 Dungeon Crawl Stone Soup version 0.21-a0-39-g28ea6b7 (webtiles) character file.

210 HAL9000 the Changer (level 5, -2/40 HPs)
             Began as a Draconian Transmuter on May 30, 2017.
             Killed by divine providence
             ... invoked by an orc priest
              (15 damage)
             ... on level 4 of the Dungeon.
             The game lasted 00:11:48 (3735 turns).

HAL9000 the Changer (Draconian Transmuter)          Turns: 3735, Time: 00:11:50

Health: -2/40      AC:  6    Str: 12    XL:     5   Next: 56%
Magic:  8/8        EV: 12    Int: 13    God:
Gold:   149        SH:  0    Dex: 13    Spells: 2/8 levels left

rFire    . . .     SeeInvis .     - Unarmed
rCold    . . .     Gourm    .   (no shield)
rNeg     . . .     Faith    .   (armour unavailable)
rPois    .         Spirit   .   (helmet restricted)
rElec    .         Reflect  .   (no cloak)
rCorr    .         Harm     .   (no gloves)
MR       .....                  f - +0 pair of boots
Stlth    +.........             (no amulet)
Regen    0.2/turn               (no ring)
MPRegen  0.2/turn               (no ring)

@: no status effects
A: unfitting armour, cold-blooded, AC +5
a: no special abilities


You were on level 4 of the Dungeon.
You were not hungry.

You visited 1 branch of the dungeon, and saw 4 of its levels.

You collected 149 gold pieces.

Inventory:

Missiles
 a - 37 arrows
Armour
 f - a +0 pair of boots (worn)
Wands
 s - a wand of acid (4/15)
 v - a wand of lightning (9/15)
 x - a wand of random effects (40/48)
 y - a wand of polymorph (7/24)
 A - a wand of acid (10/15)
Scrolls
 d - 3 scrolls of teleportation {unknown}
 g - 2 scrolls of immolation {unknown}
 h - 3 scrolls of remove curse
 l - 2 scrolls of identify {unknown}
 n - a scroll of enchant armour {unknown}
 o - a scroll of blinking {unknown}
 q - a scroll of fog {unknown}
 z - a scroll of recharging {unknown}
Potions
 e - a potion of haste {unknown}
 j - a potion of agility {unknown}
 k - a potion of might {unknown}
 p - a potion of flight {unknown}
 t - a potion of invisibility {unknown}
 u - a potion of mutation {unknown}
Books
 b - a book of Changes

   Spells                             Type                      Level
   a - Beastly Appendage              Transmutation                1
   b - Sticks to Snakes               Transmutation                2
   c - Spider Form                    Transmutation/Poison         3
   d - Ice Form                       Ice/Transmutation            4
   e - Blade Hands                    Transmutation                5
Comestibles
 c - 6 bread rations
 m - 2 meat rations
 w - 4 chunks of flesh


   Skills:
 - Level 1.1 Fighting
 - Level 1.7 Dodging
 + Level 4.2 Unarmed Combat
 - Level 2.0 Spellcasting
 * Level 5.0 Transmutations


You had 2 spell levels left.
You knew the following spells:

 Your Spells              Type           Power        Failure   Level  Hunger
a - Beastly Appendage     Tmut           ##....       3%          1    ##.....
b - Sticks to Snakes      Tmut           ##......     4%          2    ###....
c - Spider Form           Tmut/Pois      #.........   26%         3    ####...


Dungeon Overview and Level Annotations

Branches:
Dungeon (4/15)
 Temple: D:4-7

Altars:
Xom

Shops:
D:4 !


Innate Abilities, Weirdness & Mutations

Your plain brown scales are hard. (AC +5)
You cannot fit into any form of body armour.
You are cold-blooded and may be slowed by cold attacks.


Message History

Found a dagger.
You are too injured to fight recklessly!
You are too injured to fight recklessly!
Unknown command.
Your adder bites the orc wizard.
The orc wizard is poisoned.
Your adder poisons the orc wizard!
Your adder closely misses the orc wizard.
The orc wizard hits your adder with a dagger!
Your adder misses the orc wizard.
The orc wizard closely misses your adder.
Your adder bites the orc wizard but does no damage.
The orc wizard gestures wildly while chanting.
The orc wizard seems to speed up.
Your adder bites the orc wizard.
The orc wizard closely misses your adder.
Your adder bites the orc wizard.
The orc wizard looks as sick as possible!
Your adder poisons the orc wizard!
The orc priest mumbles some strange prayers to Beogh against you.
Beogh smites you!
You die...

# .............# #
#...........#
#######.....o..o.$#
.............).oS#
###........#####.#
#........# #.#
###.......o# #o#
..#.......[# #.#########
..#......).# #@.........
#.######...# #..........
#...≈≈###..# #..........
.##.⌠#.###.#####..........
..⌠#≈.#.###....').........
.#..#.#...######).........
.#≈≈..≈.# # #..........
⌠≈≈≈#...#. #..........
##≈..⌠≈≈.## #..........


You could see an orc priest, an orc wizard, an orc and a friendly adder.

Vanquished Creatures
  Ijyb (D:3)
  Robin (D:3)
  3 gnolls (D:3)
  4 adders
  An ooze (D:2)
  3 worms
  2 dart slugs
  2 leopard geckos
  9 orcs
  2 giant cockroaches (D:2)
  9 goblins
  5 hobgoblins
  6 jackals (D:2)
  A quokka (D:2)
  13 bats
  2 frilled lizards
  6 kobolds
  7 rats
77 creatures vanquished.

Vanquished Creatures (collateral kills)
  An adder (D:4)
  An orc (D:4)
  3 goblins (D:3)
  A rat (D:3)
6 creatures vanquished.

Grand Total: 83 creatures vanquished

Notes
Turn   | Place    | Note
-------+----------+-------------------------------------------
     0 | D:1      | HAL9000 the Draconian Transmuter began the quest for the Orb.
     0 | D:1      | Reached XP level 1. HP: 16/16 MP: 3/3
   214 | D:1      | Reached XP level 2. HP: 22/23 MP: 5/5
   580 | D:1      | Learned a level 2 spell: Sticks to Snakes
  1013 | D:2      | Reached XP level 3. HP: 19/28 MP: 4/6
  1026 | D:2      | Reached skill level 3 in Transmutations
  1464 | D:2      | Learned a level 3 spell: Spider Form
  1968 | D:2      | Reached XP level 4. HP: 28/35 MP: 7/7
  2612 | D:3      | Noticed Robin
  2772 | D:3      | Killed Robin
  2772 | D:3      | Reached skill level 4 in Transmutations
  3094 | D:3      | Noticed Ijyb
  3178 | D:3      | Reached XP level 5. HP: 27/40 MP: 5/8
  3240 | D:3      | Killed Ijyb
  3403 | D:4      | Found Xyafuow's Distillery.
  3407 | D:4      | Noticed a sky beast
  3655 | D:4      | Found a shimmering altar of Xom.
  3705 | D:4      | Reached skill level 5 in Transmutations
  3735 | D:4      | Killed from afar by an orc priest

Vault maps used:
D:1:      mrwooster_arrival_statue_2
D:3:      small_statue_intersection, uniq_ijyb, uniq_robin
D:4:      cheibriados_altar_1, nicolae_ossuary_entry_false_entrances,
          serial_shops, shop, nicolae_shop_behind_doors, nicolae_shop_stone,
          shop, shop, first_bread, tgw_xom

Skill      XL: |  1  2  3  4  5 |
---------------+----------------+-----
Transmutations | 3 4 5 |  5.0
Unarmed Combat | 4 |  4.2
Fighting       | |  1.1
Dodging        | |  1.7
Spellcasting   | |  2.0

Action                   |  1- 3 |  4- 6 || total
-------------------------+-------+-------++-------
Melee: Unarmed           |   154 |   136 ||   290
       Tailslap          |    20 |    19 ||    39
       Punch             |     2 |     1 ||     3
       Headbutt          |     8 |    12 ||    20
 Cast: Beastly Appendage |    16 |    16 ||    32
       Sticks to Snakes  |       |    13 ||    13
       Spider Form       |       |     1 ||     1
 Abil: End Transformatio |       |     1 ||     1
  Use: Scroll            |       |     1 ||     1
 Stab: Sleeping          |     3 |       ||     3
       Distracted        |       |     1 ||     1
  Eat: Chunk             |     4 |     7 ||    11
Armor: Skin              |    65 |    38 ||   103
Dodge: Dodged            |   102 |   123 ||   225
